 Dungeon Crawl Stone Soup version 0.27-b1-23-g44b8eac545 (webtiles) character file.

Game seed: 13366666294750196332

10 mhtbhm the Bolt Thrower (level 2, 0/17 HPs)
             Began as a Kobold Hunter on July 27, 2021.
             Was a Follower of Jiyva.
             Slain by a kobold (3 damage)
             ... on level 1 of the Dungeon.
             The game lasted 00:00:27 (490 turns).

mhtbhm the Bolt Thrower (Kobold Hunter)              Turns: 490, Time: 00:00:27

Health: 0/17       AC:  3    Str:  9    XL:     2   Next: 30%
Magic:  2/2        EV: 14    Int: 12    God:    Jiyva [*.....]
Gold:   16         SH:  0    Dex: 15    Spells: 1/1 levels left

rFire    . . .     SeeInvis .   b - +0 short sword
rCold    . . .     Faith    .   (shield restricted)
rNeg     . . .     Spirit   .   c - +0 leather armour
rPois    .         Reflect  .   (no helmet)
rElec    .         Harm     .   (no cloak)
rCorr    .         Rampage  .   (no gloves)
Will     .....                  (no boots)
Stlth    +++.......             (no amulet)
HPRegen  0.05/turn              (no ring)
MPRegen  0.08/turn              (no ring)

@: no status effects
A: small, no large weapons, nightstalker 3
a: Renounce Religion, Request Jelly


You were on level 1 of the Dungeon.
You worshipped Jiyva.
Jiyva was aware of your devotion.
You visited 1 branch of the dungeon, and saw 1 of its levels.

You collected 16 gold pieces.

Inventory:

Hand Weapons
 a - a +1 hand crossbow
 b - a +0 short sword (weapon)
Missiles
 d - 17 bolts
Armour
 c - a +0 leather armour (worn)
Potions
 e - a potion of brilliance {unknown}
 f - a potion of curing {unknown}


   Skills:
 + Level 2.1 Fighting
 + Level 5.3 Crossbows
 + Level 2.6 Dodging
 + Level 1.3 Stealth


You had one spell level left.
You didn't know any spells.
Your spell library was empty.

Dungeon Overview and Level Annotations

Branches:
Dungeon (1/15)

Altars:
Jiyva


Innate Abilities, Weirdness & Mutations

You are small and have problems with some larger weapons.
You are completely attuned to the shadows.


Message History

You closely miss the kobold. The quokka barely misses you.
A frilled lizard comes into view.
The kobold hits you but does no damage. The quokka completely misses you.
You closely miss the kobold.
The kobold hits you with a +0 short sword.
The quokka misses you.
The frilled lizard hisses angrily.
You hit the kobold but do no damage. The quokka bites you.
The kobold misses you.
You closely miss the kobold. The quokka closely misses you.
The kobold completely misses you. The quokka closely misses you.
You hit the kobold.
The kobold is moderately wounded.
The kobold hits you but does no damage. The quokka bites you.
* * * LOW HITPOINT WARNING * * *
You are too injured to fight recklessly!
You are too injured to fight recklessly!
You are too injured to fight recklessly!
You are too injured to fight recklessly!
You are too injured to fight recklessly!
You are too injured to fight recklessly!
You are too injured to fight recklessly!
You are too injured to fight recklessly!
You are too injured to fight recklessly!
You are too injured to fight recklessly!
You are too injured to fight recklessly!
You are too injured to fight recklessly!
You are too injured to fight recklessly!
You are too injured to fight recklessly!
You are too injured to fight recklessly!
Unknown command.
The kobold hits you with a +0 short sword.
* * * LOW HITPOINT WARNING * * *
You hit the kobold but do no damage.
The kobold is moderately wounded.
The frilled lizard unfolds its giant frill.
The kobold hits you but does no damage.
You miss the kobold.
The kobold hits you with a +0 short sword.
You die...

#..###...###
......#
#..#G#...#G#
......#
#..###..J###
......#
#...........
......#
#...J.._J... #l#
#........... #r#
#..###...### #K#
#).#G#...#G# #@#
#..###...### #.#
#†.......... #.#
#.#.#.#.###. #.#
#.#.#.#.#...
#.#####.#.#.#.#.#.
#.....#.#...#.#.#.
#........#........
#.................
#........#........


You could see a quokka, a kobold and a frilled lizard.

Vanquished Creatures
  An endoplasm (D:1)
  2 goblins (D:1)
  3 jackals (D:1)
  A ball python (D:1)
  A bat (D:1)
8 creatures vanquished.

Vanquished Creatures (others)
  2 frilled lizards (D:1)
  A rat (D:1)
3 creatures vanquished.

Grand Total: 11 creatures vanquished

Notes
Turn   | Place    | Note
-------+----------+-------------------------------------------
     0 | D:1      | mhtbhm the Kobold Hunter began the quest for the Orb.
     0 | D:1      | Reached XP level 1. HP: 12/12 MP: 1/1
    53 | D:1      | Noticed an eye of devastation
    54 | D:1      | Found a faded altar of an unknown god.
    54 | D:1      | Noticed an eye of devastation
    62 | D:1      | Noticed a shining eye
    62 | D:1      | Noticed a golden eye
    67 | D:1      | Became a worshipper of Jiyva Janni the Shapeless
    67 | D:1      | Reached * piety under Jiyva
   142 | D:1      | Reached skill level 5 in Crossbows
   276 | D:1      | Reached XP level 2. HP: 17/17 MP: 2/2
   490 | D:1      | Slain by a kobold

Illustrated notes

Levels and vault maps discovered:
D:1:      lemuel_arrival_lava_pool, layout_basic,
          hellmonk_ecumenical_altar_watching_god

Skill      XL: |  1 |
---------------+----+-----
Crossbows      | 5 |  5.3
Fighting       | |  2.1
Dodging        | |  2.6
Stealth        | |  1.3

Action                   || total
-------------------------++-------
Melee: Short sword       ||    32
 Fire: Hand crossbow     ||     8
Armor: Leather armour    ||     7
Dodge: Dodged            ||    30
